 Dungeon Crawl Stone Soup version 0.23-a0-338-g8ff0b24 (webtiles) character file.

390 rabbit the Chopper (level 6, 0/38 HPs)
             Began as a Gargoyle Fighter on Oct 18, 2018.
             Slain by a gnoll
             ... wielding a +0 spear
              (4 damage)
             ... on level 5 of the Dungeon.
             The game lasted 00:06:01 (3934 turns).

rabbit the Chopper (Gargoyle Fighter)               Turns: 3934, Time: 00:06:02

Health: 0/38       AC:  8    Str: 21    XL:     6   Next: 80%
Magic:  0/6        EV:  7    Int:  9    God:
Gold:   229        SH:  9    Dex:  9    Spells: 5/5 levels left

rFire    . . .     SeeInvis .   a - +0 war axe
rCold    . . .     Gourm    .   c - +0 shield
rNeg     + . .     Faith    .   u - +0 scale mail
rPois    ∞         Spirit   +   (no helmet)
rElec    +         Reflect  .   (no cloak)
rCorr    .         Harm     .   x - +0 pair of gloves
MR       .....                  (no boots)
Stlth    ..........             v - amulet of guardian spirit
HPRegen  0.12/turn              (no ring)
MPRegen  0.10/turn              (no ring)

@: corroded
A: negative energy resistance 1, electricity resistance, unbreathing,
petrification resistance, rot immunity, AC +4
a: no special abilities


You were on level 5 of the Dungeon.
You were not hungry.

You visited 1 branch of the dungeon, and saw 5 of its levels.

You collected 229 gold pieces.

Inventory:

Hand Weapons
 a - a +0 war axe (weapon)
Armour
 b - a +0 scale mail
 c - a +0 shield (worn)
 m - a +0 chain mail
 u - a +0 scale mail (worn)
 x - a +0 pair of gloves (worn)
Jewellery
 v - an amulet of guardian spirit (around neck)
Scrolls
 e - 5 scrolls of teleportation {unknown}
 g - a scroll of amnesia {unknown}
 j - 4 scrolls of identify
 k - 3 scrolls of remove curse {unknown}
 r - 2 scrolls of blinking {unknown}
 y - a scroll of magic mapping {unknown}
 z - a scroll of fear {unknown}
 B - a scroll of fog {unknown}
Potions
 d - 2 potions of might
 h - a potion of agility {unknown}
 i - a potion of lignification {unknown}
 l - a potion of flight {unknown}
 n - 2 potions of haste {unknown}
 o - 4 potions of mutation {unknown}
 p - a potion of ambrosia {unknown}
 q - a potion of heal wounds {unknown}
 s - a potion of brilliance {unknown}
 t - a potion of curing {unknown}
 w - a potion of resistance {unknown}
Comestibles
 f - 5 rations
 A - 2 chunks of flesh


   Skills:
 + Level 3.8 Fighting
 * Level 4.9 Axes
 + Level 4.4 Armour
 + Level 0.6 Dodging
 + Level 4.4 Shields


You had 5 spell levels left.
You didn't know any spells.
Your spell library was empty.

Dungeon Overview and Level Annotations

Branches:
Dungeon (5/15)
 Temple: D:4-7

Altars:
Ashenzari
Dithmenos
Fedhas
Hepliaklqana
Uskayaw
The Shining One


Innate Abilities, Weirdness & Mutations

You are resistant to torment.
Your stone body is resilient. (AC +4)
You are immune to poison.
You resist negative energy. (rN+)
You are resistant to electric shocks. (rElec)
You can survive without breathing.
You are immune to petrification.
You are immune to rotting.


Message History

You hit the gnoll. The gnoll hits you but does no damage.
The jelly hits you but does no damage.
The gnoll hits you from afar with a +0 halberd!
* * * LOW HITPOINT WARNING * * *
You hit the jelly. The acid corrodes you!
Your hands burn!
* * * LOW HITPOINT WARNING * * *
The jelly is lightly wounded.
You hit the gnoll but do no damage. The gnoll barely misses you.
The jelly hits you but does no damage.
The gnoll hits you from afar with a +0 halberd.
* * * LOW HITPOINT WARNING * * *
The gnoll hits you with a +0 spear.
* * * LOW HITPOINT WARNING * * *
The jelly hits you but does no damage.
You slash the jelly!
Your hands burn!
* * * LOW HITPOINT WARNING * * *
The jelly is almost dead.
Your shield and scale mail prevent you from hitting the gnoll.
The gnoll hits you with a +0 spear.
You die...

##...##..........
##.....##.........
#.#.......#.....<...
#....._....<........
###.......#.........
##.....##....$#..
##...###.#####
##.##...########
#.#....@Jg.....
#.....†g†......
###............
#............
##...........
##.#.......#
#.#.......#
#.#.####..#


You could see a jelly and 2 gnolls.

Vanquished Creatures
  2 hounds
  Jessica (D:3)
  An iguana (D:5)
  Natasha (thrice) (D:4)
  9 gnolls
  3 adders
  An adder skeleton (D:4)
  A worm (D:4)
  2 dart slugs
  3 leopard geckos
  15 orcs
  3 ball pythons
  8 bats
  3 giant cockroaches
  4 goblins
  3 hobgoblins
  2 jackals (D:1)
  2 quokkas
  A ball python skeleton (D:4)
  6 frilled lizards
  6 rats
79 creatures vanquished.

Notes
Turn   | Place    | Note
-------+----------+-------------------------------------------
     0 | D:1      | rabbit the Gargoyle Fighter began the quest for the Orb.
     0 | D:1      | Reached XP level 1. HP: 14/14 MP: 1/1
    18 | D:1      | Reached XP level 2. HP: 18/19 MP: 2/2
   879 | D:2      | Reached XP level 3. HP: 23/23 MP: 3/3
  1010 | D:2      | Found a glowing golden altar of the Shining One.
  1084 | D:2      | Found a hide-covered altar of Uskayaw.
  1085 | D:2      | Found a faded altar of an unknown god.
  1194 | D:2      | Reached XP level 4. HP: 25/28 MP: 4/4
  1761 | D:3      | Found a shadowy altar of Dithmenos.
  1932 | D:3      | Found a blossoming altar of Fedhas.
  1933 | D:3      | Noticed Jessica
  1940 | D:3      | Killed Jessica
  1940 | D:3      | Reached XP level 5. HP: 26/32 MP: 5/5
  2838 | D:4      | Found a shattered altar of Ashenzari.
  2954 | D:4      | Noticed Natasha
  2964 | D:4      | Killed Natasha
  3202 | D:4      | Reached XP level 6. HP: 32/37 MP: 6/6
  3254 | D:4      | Noticed Natasha
  3263 | D:4      | Killed Natasha
  3816 | D:4      | Noticed Natasha
  3830 | D:4      | Killed Natasha
  3874 | D:5      | Entered Level 5 of the Dungeon
  3874 | D:5      | Found a hazy altar of Hepliaklqana.
  3934 | D:5      | Slain by a gnoll

Vault maps used:
D:1:      minmay_arrival_four_circles, nrook_loot_triangle,
          minmay_misc_feat_hallway
D:2:      tso_metal_star, old_standard_altar, chequers_ecumenical_altar_simple
D:3:      overflow_temple_1_default, fedhas_altar_1, uniq_jessica
D:4:      ashenzari_conservatory_becter, uniq_natasha
D:5:      lemuel_round_altar, first_ration, lightli_sewer_entry_pipes

Skill      XL: |  1  2  3  4  5 |
---------------+----------------+-----
Axes           | 2 3 4 |  4.9
Shields        | 4 |  4.4
Armour         | 4 |  4.4
Fighting       | |  3.8
Dodging        | |  0.6

Action                   |  1- 3 |  4- 6 || total
-------------------------+-------+-------++-------
Melee: War axe           |    87 |   235 ||   322
  Use: Scroll            |       |     1 ||     1
  Eat: Chunk             |     1 |     9 ||    10
Armor: Scale mail        |    15 |   107 ||   122
       Chain mail        |    50 |    64 ||   114
Dodge: Dodged            |    29 |    69 ||    98
Block: Shield            |    50 |   154 ||   204

Table legend:
 A = Non-vault XP
 B = Vault XP
 C = Vault XP percentage of total XP
 D = Non-vault monster count
 E = Vault monster count
 F = Vault count percentage of total count
                 A         B        C        D         E       F
            +---------+---------+-------+---------+---------+-------
      Total |     484 |      74 |  13.3 |      76 |       3 |   3.8
            +---------+---------+-------+---------+---------+-------
        D:1 |      31 |       0 |   0.0 |      16 |       0 |   0.0
        D:2 |     109 |       0 |   0.0 |      13 |       0 |   0.0
        D:3 |      55 |      37 |  40.2 |      21 |       1 |   4.5
        D:4 |     236 |      36 |  13.2 |      23 |       1 |   4.2
        D:5 |      53 |       1 |   1.9 |       3 |       1 |  25.0
            +---------+---------+-------+---------+---------+-------
